3A
IDAHO FALLS CHUKARS @ BELLEVUE BRUINS
07/13/2025
 
TOP OF THE 1ST
Idaho Falls Chukars batting - Pitching for Bellevue Bruins : RHP Ray Mangas
Pitching: RHP Ray Mangas
Batting: LHB Frank Sharp 0-0: Swinging Strike
0-1: Swinging Strike
0-2: Strikes out swinging
Batting: RHB Christian Gentry 0-0: Called Strike
0-1: Ball
1-1: Ball
2-1: Ball
3-1: Fly out, F8 (Flyball, 8RM)
Batting: SHB Pablo Coloa 0-0: Ball
1-0: Called Strike
1-1: Called Strike
1-2: Foul Ball, location: 2F
1-2: Strikes out swinging
Top of the 1st over - 0 run(s), 0 hit(s), 0 error(s), 0 left on base; Idaho Falls 0 - Bellevue 0
BOTTOM OF THE 1ST
Bellevue Bruins batting - Pitching for Idaho Falls Chukars : RHP Paco Manuel
Pitching: RHP Paco Manuel
Batting: RHB Loren Stallings 0-0: Called Strike
0-1: Fly out, F8 (Flyball, 8LD)
Batting: RHB Mark Bishop 0-0: Ground out 6-3 (Groundball, 6)
Batting: RHB Luis Ríos 0-0: Called Strike
0-1: Foul Ball, location: 2F
0-2: Foul Ball, location: 2F
0-2: Ball
1-2: Strikes out swinging
Bottom of the 1st over - 0 run(s), 0 hit(s), 0 error(s), 0 left on base; Idaho Falls 0 - Bellevue 0
TOP OF THE 2ND
Idaho Falls Chukars batting - Pitching for Bellevue Bruins : RHP Ray Mangas
Batting: RHB Scott Ramsey 0-0: Fly out, F7 (Flyball, 78D)
Batting: RHB Michael Bradshaw 0-0: Swinging Strike
0-1: Swinging Strike
0-2: Ball
1-2: Ball
2-2: Ground out 6-3 (Groundball, 6)
Batting: SHB Félix Medina 0-0: Ball
1-0: Ball
2-0: Called Strike
2-1: Called Strike
2-2: Fly out, F8 (Flyball, 8LM)
Top of the 2nd over - 0 run(s), 0 hit(s), 0 error(s), 0 left on base; Idaho Falls 0 - Bellevue 0
BOTTOM OF THE 2ND
Bellevue Bruins batting - Pitching for Idaho Falls Chukars : RHP Paco Manuel
Batting: LHB José Barrón 0-0: Foul Ball, location: 2F
0-1: Ball
1-1: Fly out, F9 (Flyball, 89S)
Batting: SHB Ramón García 0-0: Ball
1-0: Foul Ball, location: 2F
1-1: Ball
2-1: Foul Ball, location: 2F
2-2: Foul Ball, location: 2F
2-2: Ball
3-2: SINGLE (Line Drive, 8RS)
Batting: LHB Mitchell Cusimano 0-0: Swinging Strike
0-1: Ball
1-1: Called Strike
1-2: Foul Ball, location: 2F
1-2: Ball
2-2: Ball
3-2: Strikes out looking
Batting: RHB Alonso Zamora 0-0: Ball
1-0: Called Strike
1-1: Swinging Strike
1-2: Foul Ball, location: 2F
1-2: Ball
2-2: Fly out, F7 (Flyball, 7S)
Bottom of the 2nd over - 0 run(s), 1 hit(s), 0 error(s), 1 left on base; Idaho Falls 0 - Bellevue 0
TOP OF THE 3RD
Idaho Falls Chukars batting - Pitching for Bellevue Bruins : RHP Ray Mangas
Batting: RHB Dam Son 0-0: Foul Ball, location: 2F
0-1: Ball
1-1: Fly out, F9 (Flyball, 89S)
Batting: RHB Jonah Cooney 0-0: DOUBLE (Flyball, 78M)
Batting: RHB Miguel Luna 0-0: Called Strike
0-1: Ball
1-1: Ground out 4-3 (Groundball, 4M)
Jonah Cooney to third
Batting: LHB Frank Sharp 0-0: Ball
1-0: Ground out 6-3 (Groundball, 6)
Top of the 3rd over - 0 run(s), 1 hit(s), 0 error(s), 1 left on base; Idaho Falls 0 - Bellevue 0
BOTTOM OF THE 3RD
Bellevue Bruins batting - Pitching for Idaho Falls Chukars : RHP Paco Manuel
Batting: RHB Alberto Lastaneda 0-0: Ball
1-0: Called Strike
1-1: SINGLE (Groundball, 56S) (infield hit)
Batting: RHB Ernesto Bea 0-0: Fly out, F7 (Flyball, 7LS)
Batting: RHB Loren Stallings 0-0: Fly out, F8 (Flyball, 8RM)
Batting: RHB Mark Bishop 0-0: Ball
1-0: Foul Ball, location: 2F
1-1: Ball
2-1: Foul Ball, location: 2F
2-2: Fly out, F8 (Flyball, 8RM)
Bottom of the 3rd over - 0 run(s), 1 hit(s), 0 error(s), 1 left on base; Idaho Falls 0 - Bellevue 0
TOP OF THE 4TH
Idaho Falls Chukars batting - Pitching for Bellevue Bruins : RHP Ray Mangas
Batting: RHB Christian Gentry 0-0: Ball
1-0: Foul Ball, location: 2F
1-1: Swinging Strike
1-2: Hit by Pitch
Batting: SHB Pablo Coloa 0-0: Ball
1-0: Ball
2-0: Called Strike
2-1: Fly out, F7 (Flyball, 7S)
Batting: RHB Scott Ramsey 0-0: Ball
1-0: Called Strike
1-1: SINGLE (Line Drive, 6MD)
Christian Gentry to second
Batting: RHB Michael Bradshaw 0-0: Ball
1-0: SINGLE (Line Drive, 89M)
Christian Gentry to third
Scott Ramsey to second
Runner from 3rd tries for Home, SAFE, no throw
Batting: SHB Félix Medina 0-0: Fly out, F7 (Flyball, 7S)
Batting: RHB Dam Son 0-0: SINGLE (Groundball, 6D)
Scott Ramsey to third
Michael Bradshaw to second
Runner from 3rd tries for Home, SAFE, throw made home
Batting: RHB Jonah Cooney 0-0: Ball
1-0: Ball
2-0: Called Strike
2-1: Foul Ball, location: 2F
2-2: Ball
3-2: Reached on error, E5 (Groundball, 56)
Michael Bradshaw to third
Dam Son to second
Batting: RHB Miguel Luna 0-0: Called Strike
0-1: Ball
1-1: Swinging Strike
1-2: Ground out 1-3 (Groundball, 15S)
Top of the 4th over - 2 run(s), 3 hit(s), 1 error(s), 3 left on base; Idaho Falls 2 - Bellevue 0
BOTTOM OF THE 4TH
Bellevue Bruins batting - Pitching for Idaho Falls Chukars : RHP Paco Manuel
Batting: RHB Luis Ríos 0-0: SINGLE (Line Drive, 4M)
Batting: LHB José Barrón 0-0: Called Strike
0-1: Foul Ball, location: 2F
0-2: Ball
1-2: Ground out U3 (Groundball, 3S)
Luis Ríos to second
Batting: SHB Ramón García 0-0: Ball
Luis Ríos is caught stealing 3rd base
1-0: Foul Ball, location: 2F
1-1: Swinging Strike
1-2: Strikes out swinging
Bottom of the 4th over - 0 run(s), 1 hit(s), 0 error(s), 0 left on base; Idaho Falls 2 - Bellevue 0
TOP OF THE 5TH
Idaho Falls Chukars batting - Pitching for Bellevue Bruins : RHP Ray Mangas
Batting: LHB Frank Sharp 0-0: Ball
1-0: Ball
2-0: Called Strike
2-1: Called Strike
2-2: Ball
3-2: Base on Balls
Batting: RHB Christian Gentry Pickoff Throw to First - Error! E1
Frank Sharp to second
0-0: Ball
1-0: Ball
2-0: Called Strike
2-1: Ball
3-1: Ground out 6-3 (Groundball, 6)
Frank Sharp to third
Batting: SHB Pablo Coloa 0-0: Swinging Strike
0-1: Ball
1-1: Foul Ball, location: 2F
1-2: Strikes out swinging
Batting: RHB Scott Ramsey 0-0: Foul Ball, location: 2F
0-1: Ball
1-1: Ball
Wild Pitch!
Frank Sharp scores
2-1: Ball
3-1: Foul Ball, location: 2F
3-2: Strikes out swinging
Top of the 5th over - 1 run(s), 0 hit(s), 1 error(s), 0 left on base; Idaho Falls 3 - Bellevue 0
BOTTOM OF THE 5TH
Bellevue Bruins batting - Pitching for Idaho Falls Chukars : RHP Paco Manuel
Batting: LHB Mitchell Cusimano 0-0: Ball
1-0: Ground out 6-3 (Groundball, 6)
Batting: RHB Alonso Zamora 0-0: Called Strike
0-1: Swinging Strike
0-2: Foul Ball, location: 2F
0-2: Foul Ball, location: 2F
0-2: Strikes out swinging
Batting: RHB Alberto Lastaneda 0-0: Called Strike
0-1: Called Strike
0-2: Ball
1-2: Ball
2-2: Ball
3-2: Strikes out looking
Bottom of the 5th over - 0 run(s), 0 hit(s), 0 error(s), 0 left on base; Idaho Falls 3 - Bellevue 0
TOP OF THE 6TH
Idaho Falls Chukars batting - Pitching for Bellevue Bruins : RHP Ray Mangas
Batting: RHB Michael Bradshaw 0-0: Foul Ball, location: 2F
0-1: Ball
1-1: Ground out 4-3 (Groundball, 4)
Pitching: RHP Will Moore
Batting: SHB Félix Medina 0-0: Ball
1-0: Fly out, F6 (Popup, 6D)
Batting: RHB Dam Son 0-0: Foul Ball, location: 2F
0-1: Foul Ball, location: 2F
0-2: Ball
1-2: Ball
2-2: Ground out 5-3 (Groundball, 56)
Top of the 6th over - 0 run(s), 0 hit(s), 0 error(s), 0 left on base; Idaho Falls 3 - Bellevue 0
BOTTOM OF THE 6TH
Bellevue Bruins batting - Pitching for Idaho Falls Chukars : RHP Paco Manuel
Batting: RHB Ernesto Bea 0-0: Called Strike
0-1: Ball
1-1: Called Strike
1-2: Strikes out swinging
Batting: RHB Loren Stallings 0-0: Called Strike
0-1: Called Strike
0-2: Strikes out swinging
Batting: RHB Mark Bishop 0-0: Ball
1-0: Called Strike
1-1: Ground out 6-3 (Groundball, 6)
Bottom of the 6th over - 0 run(s), 0 hit(s), 0 error(s), 0 left on base; Idaho Falls 3 - Bellevue 0
TOP OF THE 7TH
Idaho Falls Chukars batting - Pitching for Bellevue Bruins : RHP Will Moore
Batting: RHB Jonah Cooney 0-0: Swinging Strike
0-1: Ball
1-1: Ground out 6-3 (Groundball, 56D)
Batting: RHB Miguel Luna 0-0: Ball
1-0: Called Strike
1-1: Called Strike
1-2: Foul Ball, location: 2F
1-2: Ball
2-2: Foul Ball, location: 2F
2-2: Ball
3-2: Fly out, F4 (Popup, 34)
Batting: LHB Frank Sharp 0-0: DOUBLE (Line Drive, 7LM)
Batting: RHB Christian Gentry 0-0: Called Strike
0-1: Ball
1-1: Ball
2-1: SINGLE (Line Drive, 78S)
Frank Sharp to third
Runner from 3rd tries for Home, SAFE, no throw
Batting: SHB Pablo Coloa 0-0: Ball
1-0: SINGLE (Groundball, 3D)
Christian Gentry to second
Runner from 2nd tries for 3rd, SAFE, throw made to third
Pablo Coloa to second
Batting: RHB Scott Ramsey 0-0: Fly out, F8 (Flyball, 8RM)
Top of the 7th over - 1 run(s), 3 hit(s), 0 error(s), 2 left on base; Idaho Falls 4 - Bellevue 0
BOTTOM OF THE 7TH
Bellevue Bruins batting - Pitching for Idaho Falls Chukars : RHP Paco Manuel
Batting: RHB Luis Ríos 0-0: Foul Ball, location: 2F
0-1: Ball
1-1: Ball
2-1: Foul Ball, location: 2F
2-2: Ball
3-2: Strikes out looking
Batting: LHB José Barrón 0-0: Ball
1-0: Ground out 3-1 (Groundball, 3S)
Batting: SHB Ramón García 0-0: Called Strike
0-1: Foul Ball, location: 2F
0-2: Ball
1-2: Hit by Pitch
Batting: LHB Mitchell Cusimano 0-0: Ball
1-0: Ground out 1-3 (Groundball, 13S)
Bottom of the 7th over - 0 run(s), 0 hit(s), 0 error(s), 1 left on base; Idaho Falls 4 - Bellevue 0
TOP OF THE 8TH
Idaho Falls Chukars batting - Pitching for Bellevue Bruins : RHP Will Moore
Batting: RHB Michael Bradshaw 0-0: SINGLE (Line Drive, 8RS)
Batting: SHB Félix Medina 0-0: Ball
1-0: Sac Bunt - play at first, batter OUT! 1-3
Michael Bradshaw to second
Batting: RHB Dam Son 0-0: Called Strike
0-1: Called Strike
0-2: Strikes out swinging
Batting: RHB Jonah Cooney 0-0: Called Strike
0-1: Ball
1-1: Foul Ball, location: 2F
1-2: Strikes out swinging
Top of the 8th over - 0 run(s), 1 hit(s), 0 error(s), 1 left on base; Idaho Falls 4 - Bellevue 0
BOTTOM OF THE 8TH
Bellevue Bruins batting - Pitching for Idaho Falls Chukars : RHP Paco Manuel
Batting: RHB Alonso Zamora 0-0: Ball
1-0: Ball
2-0: SINGLE (Line Drive, 34D)
Pitching: LHP Roberto Guillén
Batting: RHB Alberto Lastaneda 0-0: Ball
1-0: Ground out 6-3 (Groundball, 6S)
Alonso Zamora to second
Batting: RHB Ernesto Bea 0-0: Ball
1-0: Fly out, F8 (Flyball, 8LM)
Batting: RHB Loren Stallings 0-0: Ball
1-0: Ball
2-0: Foul Ball, location: 2F
2-1: Ball
3-1: Called Strike
3-2: Foul Ball, location: 2F
3-2: SINGLE (Line Drive, 89M)
Alonso Zamora to third
Alonso Zamora scores
Pitching: RHP José Ramírez
Batting: RHB Mark Bishop 0-0: Swinging Strike
0-1: Ball
1-1: Ball
2-1: DOUBLE (Flyball, 89M)
Loren Stallings to third
Batting: RHB Luis Ríos 0-0: Ball
1-0: DOUBLE (Line Drive, 7LM)
Loren Stallings scores
Mark Bishop scores
Pinch Hitting: LHB Jim Unknown 0-0: Ball
1-0: Foul Ball, location: 2F
1-1: Swinging Strike
1-2: Foul Ball, location: 2F
1-2: Ground out 4-3 (Groundball, 4)
Bottom of the 8th over - 3 run(s), 4 hit(s), 0 error(s), 1 left on base; Idaho Falls 4 - Bellevue 3
TOP OF THE 9TH
Idaho Falls Chukars batting - Pitching for Bellevue Bruins : RHP Will Moore
Now at 2B: Jim Unknown
Batting: RHB Miguel Luna 0-0: Foul Ball, location: 2F
0-1: Ball
1-1: Called Strike
1-2: Foul Ball, location: 2F
1-2: Ball
2-2: DOUBLE (Flyball, 89M)
Batting: LHB Frank Sharp 0-0: Intentional Walk
Batting: RHB Christian Gentry 0-0: Foul Ball, location: 2F
0-1: Bunted foul
0-2: Ball
1-2: Ball
2-2: Foul Ball, location: 2F
2-2: Foul Ball, location: 2F
2-2: Fielders Choice at 2nd, 6-4 (Groundball, 6)
Miguel Luna to third
Pitching: RHP Alfonso Santa Maria
Batting: SHB Pablo Coloa 0-0: Ball
1-0: Ball
2-0: Called Strike
2-1: Fly out, F6 (Popup, 56D)
Pinch Hitting: LHB Armando Peña 0-0: Ball
1-0: Called Strike
1-1: Swinging Strike
1-2: Strikes out swinging
Top of the 9th over - 0 run(s), 1 hit(s), 0 error(s), 2 left on base; Idaho Falls 4 - Bellevue 3
BOTTOM OF THE 9TH
Bellevue Bruins batting - Pitching for Idaho Falls Chukars : RHP José Ramírez
Pitching: RHP Enrique Costa
Now at 1B: Lee Faught
Batting: SHB Ramón García 0-0: Ball
1-0: Ground out 4-3 (Groundball, 4D)
Pinch Hitting: LHB Jim Unknown 0-0: Ball
1-0: Ball
2-0: Foul Ball, location: 2F
2-1: Foul Ball, location: 2F
2-2: Ball
3-2: Foul Ball, location: 2F
3-2: Fly out, F4 (Popup, 4D)
Pinch Hitting: RHB Javier Valdés 0-0: Foul Ball, location: 2F
0-1: Foul Ball, location: 2F
0-2: Ball
1-2: SINGLE (Groundball, 34D)
Pinch Runner at 1st Manny Flores:
Pinch Hitting: RHB Jim Unknown 0-0: Ball
1-0: Called Strike
1-1: Ball
2-1: Fly out, F9 (Flyball, 9S)
Bottom of the 9th over - 0 run(s), 1 hit(s), 0 error(s), 1 left on base; Idaho Falls 4 - Bellevue 3
Friday, December 30th, 2016 - OOTP Baseball 17.12 Build 75